 Dungeon Crawl Stone Soup version 0.28.0-45-g0d030f2227 (webtiles) character file.

Game seed: 13130604680881145046

11123 protoss039 the Thaumaturge (level 11, 0/62 HPs)
             Began as a Deep Elf Air Elementalist on Apr 4, 2022.
             Was an Elder of Sif Muna.
             Killed from afar by a fire dragon (35 damage)
             ... with a blast of flame
             ... on level 11 of the Dungeon.
             The game lasted 00:23:40 (15058 turns).

protoss039 the Thaumaturge (DEAE)                  Turns: 15058, Time: 00:23:41

Health: 0/62       AC:  9    Str:  5    XL:     11   Next: 45%
Magic:  31/31      EV: 17    Int: 25    God:    Sif Muna [****..]
Gold:   812        SH:  0    Dex: 15    Spells: 28/38 levels left

rFire   . . .      SeeInvis .   g - +2 mace (protect)
rCold   . . .      Faith    .   (no shield)
rNeg    . . .      Spirit   .   a - +0 robe
rPois   .          Reflect  .   G - +0 helmet
rElec   .          Harm     .   p - +1 cloak {Will+}
rCorr   .          Rampage  .   (no gloves)
Will    ++...                   (no boots)
Stlth   ++........              z - amulet of magic regeneration
HPRegen 0.20/turn               I - +4 ring of protection
MPRegen 0.62/turn               c - +4 ring of evasion

@: about to teleport
A: no striking features
a: Renounce Religion, Channel Magic, Forget Spell, Divine Exegesis


You were on level 11 of the Dungeon.
You worshipped Sif Muna.
Sif Muna was greatly pleased with you.
You visited 2 branches of the dungeon, and saw 12 of its levels.
You also visited: Sewer and Ossuary.

You collected 812 gold pieces.

Inventory:

Hand Weapons
 g - a +2 mace of protection (weapon)
 B - a +2 vampiric short sword
 H - a +2 short sword of venom
Missiles
 l - a throwing net
Armour
 a - a +0 robe (worn)
 h - the +2 pair of boots "Inu Pia" {rF- Will+ Slay+2}
   (You found it on level 2 of the Dungeon)

   Slay:      It affects your accuracy & damage with ranged weapons and melee
   (+2).
   rF:        It makes you vulnerable to fire.
   Will:      It increases your willpower.
 p - a +1 cloak of willpower (worn)
 G - a +0 helmet (worn)
Magical Staves
 w - a staff of death
Jewellery
 c - a +4 ring of evasion (right hand)
 e - a ring of protection from cold
 i - a ring of resist corrosion
 z - an amulet of magic regeneration (around neck)
 I - a +4 ring of protection (left hand)
 L - a +6 ring of dexterity
Wands
 j - a wand of iceblast (5)
Scrolls
 b - a scroll of teleportation
 f - a scroll of enchant weapon {unknown}
 k - 2 scrolls of amnesia {unknown}
 m - 2 scrolls of fear {unknown}
 n - a scroll of magic mapping {unknown}
 r - 2 scrolls of enchant armour {unknown}
 t - 3 scrolls of identify
 u - 3 scrolls of fog
 y - 2 scrolls of vulnerability {unknown}
 A - 3 scrolls of immolation
 D - a scroll of brand weapon {unknown}
 J - a scroll of summoning {unknown}
Potions
 o - a potion of flight {unknown}
 q - a potion of mutation {unknown}
 s - 2 potions of might
 v - 3 potions of curing {unknown}
 x - 9 potions of degeneration
 C - a potion of magic {unknown}
 E - a potion of haste {unknown}
 F - a potion of ambrosia {unknown}
 K - a potion of brilliance {unknown}


   Skills:
 * Level 4.7 Fighting
 - Level 3.0 Dodging
 - Level 3.0 Stealth
 + Level 14.4 Spellcasting
 + Level 6.9 Conjurations
 + Level 10.7 Air Magic
 * Level 6.0 Invocations


You had 28 spell levels left.
You knew the following spells:

 Your Spells              Type           Power      Damage    Failure   Level
a - Shock                 Conj/Air       100%       1d9       1%          1
b - Static Discharge      Conj/Air       58%        N/A       1%          2
c - Swiftness             Air            64%        N/A       1%          3
d - Airstrike             Air            32%        N/A       1%          4

Your spell library contained the following spells:

 Spells                   Type           Power      Damage    Failure   Level
 Corpse Rot               Necr/Air       88%        N/A       1%          2
 Poisonous Vapours        Pois/Air       88%        N/A       1%          2
 Beastly Appendage        Tmut           36%        N/A       3%          1
 Wereblood                Tmut           18%        N/A       4%          2
 Spider Form              Tmut/Pois      18%        N/A       10%         3


Dungeon Overview and Level Annotations

Branches:
Dungeon (11/15)            Temple (1/1) D:5            Lair (0/6) D:11
    Orc (0/2) D:9           Sewer (visited)         Ossuary (visited)

Altars:
Ashenzari
Cheibriados
Dithmenos
Elyvilon
Fedhas
Gozag
Hepliaklqana
Kikubaaqudgha
Makhleb
Nemelex Xobeh
Okawaru
Qazlal
Ru
Sif Muna
Trog
Uskayaw
Vehumet
Wu Jian
Xom
Yredelemnul
Zin
The Shining One

Shops:
D:5 ([   D:9 *

Annotations:
D:5 3 runed translucent doors, A55's ghost, novice DjWz
D:8 2 transporters, JackAllcraft's ghost, novice FeCj
D:9 2 transporters


Message History

Unknown command.
Unknown command.
Okay, then.
Okay, then.
Okay, then.
Unknown command.
Okay, then.
Press: ? - help, . - travel You can't see that place. [some lava.] You're wearing all the rings you can.
Remove which one? (? for menu, Esc to cancel) < or
I - a +4 ring of protection; > or
i - a ring of resist corrosion You remove your ring of resist corrosion.
c - a +4 ring of evasion (right hand) Unknown command.
The fire dragon breathes flames at you. The blast of flame hits you!!!
Ouch! That really hurt!
* * * LOW HITPOINT WARNING * * *
You hear a shout!
Unknown command.
As you read the scroll labelled GYAGAN WUMYPT, it crumbles to dust.
It is a scroll of identify.
A - 3 scrolls of immolation Unknown command.
Okay, then.
Unknown command.
You feel much better. The fire dragon closely misses you.
The fire dragon claws you.
The fire dragon tramples you but does no damage.
Unknown command.
Found a club.
Unknown command.
As you read the scroll labelled VEF ACRENOHE, it crumbles to dust.
You feel strangely unstable.
It was a scroll of teleportation.
The fire dragon breathes flames at you. The blast of flame hits you!!
Ouch! That really hurt!
You die...

#.###..###.......
#..........§.§§§§
#####..###..≈§§≈§
#.......##.§§§.§§≈
#.....#.##.§§§§§≈)
#.##..#.#...≈.≈≈≈.
.. ##......≈≈§≈≈≈.
# ##.#.#..≈≈.≈..
#D#.D@.......
#..?..#...###
###.....###
#..(### #####


You could see a fire dragon (catching breath).

Vanquished Creatures
  A rakshasa (D:9)
  A centaur warrior (D:10)
  A manticore (D:9)
  Grinder (D:4)
  A hornet (D:8)
  A troll (D:9)
  14 yaks
  A wyvern (D:9)
  A vampire (D:9)
  5 vampire mosquitoes
  A steam dragon (D:7)
  An acid dragon (D:7)
  2 water moccasins
  7 orc warriors
  A sky beast (D:5)
  A swamp drake (D:9)
  3 black bears
  An ice beast (D:8)
  4 ogres
  2 phantoms (D:4)
  4 centaurs
  8 kobold brigands
  A bullfrog (D:4)
  A wyvern zombie (D:7)
  5 scorpions
  A water moccasin skeleton (D:7)
  16 wights
  3 howler monkeys (D:9)
  A bullfrog zombie (D:5)
  2 centaur zombies
  3 human zombies (Ossuary)
  A jelly (D:3)
  4 hounds
  8 orc priests
  4 iguanas
  Crazy Yiuf (D:3)
  Ijyb (D:3)
  14 orc wizards
  Terence (D:2)
  A hound skeleton (D:4)
  3 mummies
  8 gnolls
  2 howler monkey skeletons (D:6)
  4 adders
  3 white imps (D:6)
  An ufetubus (D:5)
  An adder skeleton (D:4)
  11 worms
  2 dart slugs
  46 orcs
  4 bats
  19 endoplasms
  3 giant cockroaches
  A goblin (D:1)
  6 hobgoblins
  4 jackals (D:4)
  19 kobolds
  7 quokkas
  11 ball pythons
  5 frilled lizards
  2 gnoll zombies (Ossuary)
  A goblin zombie (Ossuary)
  2 hobgoblin zombies (Ossuary)
  5 orc zombies (Ossuary)
  A quokka skeleton (D:4)
  15 rats
316 creatures vanquished.

Vanquished Creatures (others)
  A fungus (D:5)
  3 plants (D:5)
4 creatures vanquished.

Grand Total: 320 creatures vanquished

Notes
Turn   | Place    | Note
-------+----------+-------------------------------------------
     0 | D:1      | protoss039 the Deep Elf Air Elementalist began the quest
                  | for the Orb.
     0 | D:1      | Reached XP level 1. HP: 10/10 MP: 6/6
   410 | D:1      | Reached XP level 2. HP: 15/15 MP: 8/8
   417 | D:1      | Learned a level 2 spell: Static Discharge
  1671 | D:2      | Reached XP level 3. HP: 19/19 MP: 10/10
  1957 | D:2      | Noticed Terence
  1968 | D:2      | Killed Terence
  1969 | D:2      | Reached skill level 4 in Spellcasting
  2286 | D:2      | Reached XP level 4. HP: 14/24 MP: 2/12
  2581 | D:2      | Identified the +2 pair of boots "Inu Pia" {rF- Will+
                  | Slay+2}
  2661 | D:2      | Learned a level 3 spell: Swiftness
  2666 | D:2      | Learned a level 4 spell: Airstrike
  2987 | D:3      | Noticed Ijyb
  3025 | D:3      | Killed Ijyb
  3138 | D:3      | Reached XP level 5. HP: 24/28 MP: 9/14
  3212 | D:3      | Reached skill level 5 in Spellcasting
  3423 | D:3      | Found a sacrificial altar of Ru.
  3515 | D:3      | Found a faded altar of an unknown god.
  3571 | D:3      | Found a runed translucent door.
  3572 | D:3      | Noticed Crazy Yiuf
  3894 | D:3      | Killed Crazy Yiuf
  4003 | D:4      | Found a sparkling altar of Nemelex Xobeh.
  4010 | D:4      | Reached XP level 6. HP: 21/32 MP: 4/16
  4128 | D:4      | Reached skill level 6 in Spellcasting
  4320 | D:4      | Reached skill level 5 in Air Magic
  4320 | D:4      | Reached XP level 7. HP: 28/36 MP: 2/18
  4478 | D:4      | Found a snail-covered altar of Cheibriados.
  4641 | D:4      | Reached skill level 7 in Spellcasting
  4964 | D:4      | Noticed Grinder
  4968 | D:4      | Killed Grinder
  5135 | D:4      | Reached skill level 8 in Spellcasting
  5136 | D:4      | Reached XP level 8. HP: 41/41 MP: 13/22
  5426 | D:5      | Entered Level 5 of the Dungeon
  5517 | D:5      | Found a runed translucent gate.
  5517 | D:5      | Found a runed translucent gate.
  5517 | D:5      | Found a runed translucent gate.
  5521 | D:5      | Reached skill level 5 in Conjurations
  5623 | D:5      | Noticed A55's ghost (novice DjWz)
  5625 | D:5      | Found a white marble altar of Elyvilon.
  5711 | D:5      | Reached skill level 9 in Spellcasting
  5934 | D:5      | Found a basalt altar of Yredelemnul.
  5939 | D:5      | Reached skill level 10 in Spellcasting
  6032 | D:5      | Found a staircase to the Ecumenical Temple.
  6051 | Temple   | Entered the Ecumenical Temple
  6094 | Temple   | Became a worshipper of Sif Muna the Loreminder
  6335 | D:5      | Found a radiant altar of Vehumet.
  6417 | D:5      | Reached XP level 9. HP: 44/45 MP: 18/25
  6493 | D:5      | Found Hujam's Armour Shoppe.
  6532 | D:5      | Found Curhekol's Antique Weapon Boutique.
  6792 | D:6      | Reached skill level 1 in Invocations
  6910 | D:6      | Found a glowing drain.
  6914 | Sewer    | Entered a sewer
  6984 | Sewer    | Reached * piety under Sif Muna
  7137 | Sewer    | Reached skill level 1 in Fighting
  8097 | Sewer    | Reached skill level 11 in Spellcasting
  9599 | D:6      | Found an ornate altar of the Wu Jian Council.
  9903 | D:7      | Reached ** piety under Sif Muna
 10065 | D:7      | Found a sand-covered staircase.
 10069 | D:7      | Reached XP level 10. HP: 54/54 MP: 19/27
 10073 | Ossuary  | Entered an ossuary
 10142 | Ossuary  | Reached skill level 12 in Spellcasting
 11277 | D:8      | Noticed a cyclops
 11278 | D:8      | Noticed JackAllcraft's ghost (novice FeCj)
 11352 | D:8      | Noticed a seven-headed hydra
 11360 | D:8      | Noticed a tengu warrior
 11382 | D:8      | Found a glowing golden altar of the Shining One.
 11445 | D:8      | Noticed a tengu warrior
 11448 | D:8      | Noticed a four-headed hydra
 11513 | D:8      | Found a transporter.
 11515 | D:8      | Found a transporter.
 11871 | D:8      | Found a glowing silver altar of Zin.
 11872 | D:8      | Found an ancient bone altar of Kikubaaqudgha.
 12081 | D:8      | Noticed a +0 falchion
 12081 | D:8      | Noticed a +0 falchion
 12082 | D:8      | Noticed a +0 short sword
 12082 | D:8      | Noticed a +0 dagger
 12082 | D:8      | Noticed a +0 short sword
 12082 | D:8      | Noticed a +0 spear
 12083 | D:8      | Noticed a +0 dagger
 12086 | D:8      | Noticed a +0 spear
 12089 | D:8      | Found a hide-covered altar of Uskayaw.
 12155 | D:8      | Reached *** piety under Sif Muna
 12156 | D:8      | Reached skill level 13 in Spellcasting
 12364 | D:9      | Found a transporter.
 12459 | D:9      | Noticed a rakshasa
 12467 | D:9      | Noticed a manticore
 12471 | D:9      | Killed a rakshasa
 12472 | D:9      | Reached skill level 5 in Invocations
 12477 | D:9      | Killed a manticore
 12478 | D:9      | Reached skill level 10 in Air Magic
 12871 | D:9      | Found a transporter.
 12885 | D:9      | Reached XP level 11. HP: 60/60 MP: 19/30
 12903 | D:9      | Found Tucoco's Tempting Trifles.
 13128 | D:9      | Found a stormy altar of Qazlal.
 13460 | D:9      | Found a staircase to the Orcish Mines.
 13470 | D:9      | Reached skill level 14 in Spellcasting
 13732 | D:10     | Entered Level 10 of the Dungeon
 13798 | D:10     | Noticed a centaur warrior
 13802 | D:10     | Killed a centaur warrior
 13906 | D:10     | Reached **** piety under Sif Muna
 14291 | D:10     | Found a burning altar of Makhleb.
 15040 | D:11     | Found a staircase to the Lair.
 15041 | D:11     | Noticed a fire dragon
 15058 | D:11     | Killed from afar by a fire dragon

Illustrated notes

Levels and vault maps discovered:
D:1:      mrwooster_arrival_statue_3, layout_basic, st_stairs_10,
          minmay_tree_intersection
D:2:      layout_basic, minmay_shallow_snake_nest, uniq_terence
D:3:      layout_loops_ring, mainiacjoe_overflow_alcove_4,
          dreamdust_ecumenical_altar_angels_and_demons, uniq_ijyb,
          uniq_crazy_yiuf_cottage
D:4:      cheibrodos_barr_body, layout_rooms,
          mainiacjoe_overflow_large_starburst, grunt_decor_cap, uniq_grinder
D:5:      layout_rooms, mainiacjoe_overflow_cross_hatched,
          mainiacjoe_overflow_paths, elyvilon_altar_5,
          minmay_temple_entry_sparse_star, gammafunk_ghost_nasty_kobolds,
          serial_shops, nicolae_diamond_shop, shop, hangedman_decor_growths
D:6:      layout_loops_corners, pdpol_wu_jian_five_deadly_venoms,
          gup_sewer_entry_spiral
D:7:      layout_basic, gup_ossuary_entry_pyramid
D:8:      layout_basic, mainiacjoe_overflow_catwalk, nicolae_uskayaw_en_pointe,
          amethyst_overflow_temple_binary, gammafunk_ghost_arena,
          onia_ninara_dug_in_and_dangerous
D:9:      gammafunk_cloud_chamber, layout_long_grid, grunt_qazlal_clouds,
          erik_orc_1, st_stairs_12, nicolae_alphabet_shops,
          nicolae_figureground_pulse
D:10:     layout_big_octagon, mainiacjoe_overflow_alcove_2
D:11:     minmay_shrinking_squares, layout_rooms, minmay_lair_entry_lava,
          tso_oasis_becter
Temple:   jpeg_temple_island

Skill      XL: |  1  2  3  4  5  6  7  8  9 10 11 |
---------------+----------------------------------+-----
Stealth        | 3 |  3.0
Dodging        | 3 |  3.0
Spellcasting   | 4 5 6 8 10 11 13 14 | 14.4
Conjurations   | 2 3 4 5 6 |  6.9
Air Magic      | 4 5 6 7 8 10 | 10.7
Invocations    | 3 5 6 |  6.0
Fighting       | 2 3 4 |  4.7

Action                   |  1- 3 |  4- 6 |  7- 9 | 10-12 || total
-------------------------+-------+-------+-------+-------++-------
Melee: Short sword       |    31 |       |     4 |       ||    35
       Mace              |     8 |    45 |    17 |    30 ||   100
       Punch             |       |     3 |       |     1 ||     4
 Cast: Shock             |    30 |    27 |   117 |    88 ||   262
       Static Discharge  |    15 |    26 |    46 |    61 ||   148
       Airstrike         |       |     2 |    86 |    85 ||   173
       Swiftness         |       |     1 |     1 |       ||     2
Evoke: Wand              |       |       |       |     4 ||     4
  Use: Scroll            |       |       |       |     3 ||     3
       Potion            |       |       |       |     2 ||     2
 Stab: Sleeping          |     4 |     4 |       |       ||     8
Armor: Robe              |     7 |    17 |    14 |    31 ||    69
Dodge: Dodged            |    60 |    46 |    48 |    84 ||   238
